 Dungeon Crawl Stone Soup version 0.21-b1-21-g86478ac299 (webtiles) character file.

91090 pista233 the Slayer (level 15, -3/158 HPs)
             Began as a Minotaur Berserker on Jan 5, 2018.
             Was a High Priest of Trog.
             Drowned by a water nymph (15 damage)
             ... on level 1 of the Shoals.
             The game lasted 02:27:46 (41530 turns).

pista233 the Slayer (Minotaur Berserker)           Turns: 41530, Time: 02:27:47

Health: -3/158     AC: 24    Str: 29    XL:     15   Next: 54%
Magic:  4/4        EV: 14    Int:  4    God:    Trog [*****.]
Gold:   2174       SH:  0    Dex: 11    Spells: 14/14 levels left

rFire    . . .     SeeInvis .   y - +8 executioner's axe (antimagic)
rCold    . . .     Gourm    .   (shield currently unavailable)
rNeg     . . .     Faith    .   Y - +4 plate armour
rPois    .         Spirit   .   (helmet restricted)
rElec    .         Reflect  .   (no cloak)
rCorr    .         Harm     +   L - +2 pair of gloves
MR       +....                  (no boots)
Stlth    ..........             S - amulet of harm
HPRegen  0.36/turn              J - +2 ring of strength
MPRegen  0.09/turn              (no ring)

@: barbed spikes, mesmerised, very slightly contaminated, very slow
A: retaliatory headbutt, horns 2
a: Berserk, Trog's Hand, Brothers in Arms, Burn Spellbooks, Renounce Religion


You were on level 1 of the Shoals.
You worshipped Trog.
Trog was extremely pleased with you.
You were not hungry.

You visited 5 branches of the dungeon, and saw 25 of its levels.

You collected 2857 gold pieces.
You spent 683 gold pieces at shops.

Inventory:

Hand Weapons
 e - a +2 rapier of venom
 p - a +1 antimagic glaive
 y - a +8 antimagic executioner's axe (weapon)
 D - a +3 antimagic halberd
 F - the +7 hunting sling of Circularity {velocity, *Drain rPois rN+ SInv}
   (Trog gifted it to you on level 13 of the Dungeon)

   Any stone fired from it inflicts extra damage.
   It protects you from poison.
   It protects you from negative energy.
   It lets you see invisible.
   It causes draining when unequipped.
 N - a +3 antimagic great mace
 T - a +0 battleaxe of chopping
 Z - the +8 spear "Neevegay" {pierce, +Rage rPois Dex-4}
   (Trog gifted it to you on level 5 of the Lair of Beasts)

   It inflicts extra damage upon your enemies.
   It affects your dexterity (-4).
   It protects you from poison.
   It lets you go berserk.
Missiles
 k - 633 stones (quivered)
Armour
 L - a +2 pair of gloves (worn)
 V - a +2 buckler
 Y - a +4 plate armour (worn)
Jewellery
 o - an uncursed ring of poison resistance
 G - an uncursed amulet of rage
 J - a +2 ring of strength (left hand)
 S - an amulet of harm (around neck)
Wands
 a - a wand of disintegration (11)
 f - a wand of enslavement (15)
 r - a wand of iceblast (26)
 z - a wand of digging (15)
 O - a wand of paralysis (11)
 U - a wand of flame (69)
 W - a wand of random effects (29)
Scrolls
 b - 2 scrolls of holy word {unknown}
 d - 3 scrolls of magic mapping
 g - a scroll of vulnerability {unknown}
 i - 4 scrolls of noise {unknown}
 j - 7 scrolls of amnesia
 n - 6 scrolls of fog
 q - 8 scrolls of remove curse
 s - 3 scrolls of fear {unknown}
 u - a scroll of random uselessness {unknown}
 v - 2 scrolls of blinking
 A - 3 scrolls of enchant weapon {unknown}
 B - 2 scrolls of silence {unknown}
 H - a scroll of acquirement {unknown}
 K - 2 scrolls of immolation {unknown}
 M - a scroll of brand weapon {unknown}
 Q - 8 scrolls of identify
Potions
 h - 5 potions of mutation
 l - 5 potions of brilliance
 m - 9 potions of flight
 t - 7 potions of heal wounds {unknown}
 w - 4 potions of lignification
 x - a potion of resistance
 C - 5 potions of might
 E - 5 potions of degeneration
 I - 8 potions of curing
 P - 2 potions of cancellation {unknown}
 X - a potion of haste
Comestibles
 c - 16 rations


   Skills:
 + Level 21.3 Fighting
 + Level 10.6 Maces & Flails
 - Level 5.9 Polearms
 + Level 14.8 Armour
 + Level 13.7 Dodging


You had 14 spell levels left.
You didn't know any spells.

Dungeon Overview and Level Annotations

Branches:
Dungeon (15/15)            Temple (0/1) D:7            Lair (6/6) D:10
 Shoals (1/4) Lair:3        Snake (1/4) Lair:4        Slime (0/5) Lair:5
    Orc (2/2) D:12            Elf (0/3) Orc:2        Vaults (0/5) D:13
 Depths (0/5) D:15

Altars:
Ashenzari
Cheibriados
Dithmenos
Fedhas
Gozag
Kikubaaqudgha
Makhleb
Okawaru
Uskayaw
Vehumet
Yredelemnul
Zin
Beogh
Jiyva

Shops:
D:11 :   Orc:1 (   Orc:2 ::(!?


Innate Abilities, Weirdness & Mutations

You reflexively headbutt those who attack you in melee.
You have a pair of horns on your head.


Message History

Moving in this stuff is going to be slow.
The merfolk siren hits the plant with a spear!
The merfolk hits you from afar with a trident.
Your unstable footing causes you to fumble your attack.
The water nymph touches you. The water nymph drowns you!
* * * LOW HITPOINT WARNING * * *
The merfolk siren chants its luring song.
The merfolk hits you from afar with a trident!
* * * LOW HITPOINT WARNING * * *
The water nymph touches you. The water nymph drowns you!
* * * LOW HITPOINT WARNING * * *
The faun points at you and mumbles some strange words.
You resist with some effort.
You are too mesmerised to rage.
You barely miss the water nymph. You headbutt the water nymph!
The water nymph is severely wounded.
You slice the faun!!
The faun's magic leaks into the air.
The merfolk siren chants its luring song.
The water nymph touches you. The water nymph drowns you!
You die...

≈≈≈≈≈≈≈≈≈≈≈≈≈≈≈
≈≈≈≈≈≈≈≈≈≈≈≈≈≈≈≈
≈≈≈≈≈≈≈≈≈≈P≈≈≈≈≈
≈≈≈≈≈≈≈≈≈≈≈P≈≈≈≈
≈≈≈≈≈≈≈≈≈≈≈P[≈P≈
≈≈≈≈≈≈≈P≈P≈Pm≈≈≈
≈≈≈≈≈≈≈≈≈≈≈P≈≈≈≈
≈≈≈≈≈≈(≈@≈≈.....
≈≈≈≈≈≈)cm≈.(###.
≈≈≈≈..≈≈m≈###
≈≈≈≈..≈.(##
(≈≈≈...#(≈
≈≈≈...##.≈≈
≈≈≈≈.# #≈P≈≈
..≈≈. PP≈≈≈≈
(...≈ P≈P≈(≈Q


You could see a merfolk, a faun, a merfolk siren and a water nymph.

Vanquished Creatures
  Rupert (Lair:4)
  Frances (D:13)
  Gastronok (Lair:2)
  The ghost of NihilVerum the Black Sun, a journeyman DrNe of Kikubaaqudgha (Orc:1)
  An ice dragon (D:15)
  The ghost of OmG the Jinx, a journeyman DsEn of Uskayaw (D:11)
  6 hydras
  A centaur warrior (D:13)
  2 ogre magi (Orc:2)
  2 dancing weapons (D:13)
  Erica (D:10)
  A tengu warrior (D:14)
  5 death yaks
  7 two-headed ogres
  Nergalle (Lair:4)
  4 skeletal warriors
  18 ugly things
  2 wolf spider zombies
  6 cyclopes
  10 orc sorcerers
  The ghost of BrokenGlass the Martial Artist, a novice OpFi (D:5)
  A merfolk siren (Shoals:1)
  3 manticores
  5 black mambas
  Joseph (D:7)
  10 elephants (Lair:6)
  Maurice (Orc:1)
  A torpor snail (Lair:6)
  A molten gargoyle (Lair:1)
  7 spiny frogs
  A gargoyle (D:15)
  A freezing wraith (D:12)
  6 komodo dragons
  A tengu conjurer (D:14)
  A harpy zombie (D:15)
  4 trolls
  2 polar bears (Lair:6)
  5 hornets (Lair:6)
  8 blink frogs
  4 slime creatures (D:13)
  6 dream sheep (Lair:5)
  A shadow (D:13)
  10 hippogriffs
  11 spriggans (Lair:6)
  3 basilisks
  5 wraiths
  65 yaks
  4 fire bats (Lair:1)
  2 wyverns
  4 hungry ghosts
  A naga (Snake:1)
  4 soldier ants
  7 water moccasins
  6 porcupines
  A swamp drake (D:10)
  6 black bears
  20 orc warriors
  2 sky beasts
  4 ice beasts
  2 hornet zombies
  A necrophage (D:13)
  4 phantoms
  2 eyes of draining
  2 boggarts (Lair:6)
  12 ogres
  17 wolves (Lair:6)
  9 crocodiles
  21 centaurs
  2 big kobolds
  Blork the orc (D:4)
  13 bullfrogs
  A water moccasin zombie (D:11)
  A wyvern skeleton (D:14)
  5 scorpions
  4 killer bees
  5 wights (D:6)
  An electric eel (Lair:3)
  12 howler monkeys
  2 bullfrog zombies
  2 crimson imps
  3 bullfrog skeletons
  7 jellies
  2 centaur zombies
  3 lava snakes (Lair:1)
  2 centaur skeletons (D:4)
  44 orc wizards
  14 orc priests
  12 hounds
  2 gnoll shamans (D:11)
  4 iguanas
  10 worker ants
  A hound zombie (D:11)
  2 hound skeletons (D:7)
  4 worker ant zombies
  A howler monkey zombie (D:6)
  Robin (D:3)
  21 gnolls
  10 adders
  3 shadow imps
  2 oozes (Lair:5)
  4 worms
  A dart slug (D:1)
  6 leopard geckos
  89 orcs
  A ball python (D:2)
  9 bats
  8 giant cockroaches
  15 goblins
  10 hobgoblins
  23 jackals
  6 quokkas
  9 frilled lizards
  A jackal skeleton (D:5)
  10 kobolds
  A leopard gecko skeleton (D:6)
  2 leopard gecko zombies
  10 rats
  A bush (Lair:3)
  5 plants
776 creatures vanquished.

Vanquished Creatures (others)
  An orc (D:12)
  7 fungi
  21 plants
29 creatures vanquished.

Grand Total: 805 creatures vanquished

Notes
Turn   | Place    | Note
-------+----------+-------------------------------------------
     0 | D:1      | pista233 the Minotaur Berserker began the quest for the Orb.
     0 | D:1      | Reached XP level 1. HP: 19/19 MP: 0/0
   333 | D:1      | Reached skill level 4 in Fighting
   351 | D:1      | Reached XP level 2. HP: 23/27 MP: 1/1
  1016 | D:1      | Reached ** piety under Trog
  1026 | D:1      | Reached skill level 5 in Fighting
  1029 | D:1      | Reached XP level 3. HP: 35/36 MP: 2/2
  1745 | D:2      | Reached XP level 4. HP: 44/44 MP: 3/3
  2188 | D:3      | Reached skill level 6 in Fighting
  2197 | D:3      | Reached *** piety under Trog
  2276 | D:3      | Reached XP level 5. HP: 51/51 MP: 4/4
  2400 | D:3      | Noticed Robin
  2407 | D:3      | Reached skill level 7 in Fighting
  2414 | D:3      | Killed Robin
  2993 | D:3      | Found a hide-covered altar of Uskayaw.
  3064 | D:4      | Reached **** piety under Trog
  3095 | D:4      | Reached skill level 8 in Fighting
  3096 | D:4      | Reached XP level 6. HP: 35/61 MP: 5/5
  3470 | D:4      | Noticed Blork the orc
  3507 | D:4      | Killed Blork the orc
  3591 | D:4      | Reached skill level 9 in Fighting
  3836 | D:4      | Reached XP level 7. HP: 68/70 MP: 6/6
  3907 | D:4      | Reached skill level 10 in Fighting
  4059 | D:5      | Entered Level 5 of the Dungeon
  4436 | D:6      | Reached skill level 11 in Fighting
  4838 | D:5      | Noticed BrokenGlass's ghost (novice OpFi)
  4846 | D:5      | Killed BrokenGlass's ghost
  4846 | D:5      | Reached skill level 12 in Fighting
  4846 | D:5      | Reached XP level 8. HP: 75/83 MP: 7/7
  4890 | D:5      | Noticed a two-headed ogre
  4902 | D:5      | Killed a two-headed ogre
  4902 | D:5      | Reached skill level 13 in Fighting
  4902 | D:5      | Reached XP level 9. HP: 80/94 MP: 1/8
  5300 | D:5      | Found a shattered altar of Ashenzari.
  5300 | D:5      | Found a blossoming altar of Fedhas.
  5613 | D:6      | Reached skill level 14 in Fighting
  5822 | D:6      | Reached ***** piety under Trog
  7021 | D:7      | Reached skill level 15 in Fighting
  8149 | D:7      | Reached skill level 16 in Fighting
  8422 | D:7      | Found an iron altar of Okawaru.
  8432 | D:7      | Found a burning altar of Makhleb.
  8432 | D:7      | Found a basalt altar of Yredelemnul.
  8626 | D:7      | Found a snail-covered altar of Cheibriados.
  8626 | D:7      | Found a shadowy altar of Dithmenos.
  8626 | D:7      | Found an ancient bone altar of Kikubaaqudgha.
  8645 | D:7      | Found a staircase to the Ecumenical Temple.
  8682 | D:7      | Found a glowing silver altar of Zin.
  8683 | D:7      | Found an opulent altar of Gozag.
  8839 | D:7      | Reached XP level 10. HP: 78/108 MP: 9/9
  9012 | D:7      | Noticed Joseph
  9022 | D:7      | Killed Joseph
  9126 | D:7      | HP: 4/110 [black bear (3)]
  9128 | D:7      | Reached skill level 17 in Fighting
  9869 | D:8      | Received a gift from Trog
  9869 | D:8      | Reached skill level 1 in Polearms
 11718 | D:9      | Noticed a two-headed ogre
 11724 | D:9      | Killed a two-headed ogre
 12220 | D:9      | Found a glowing silver altar of Zin.
 12239 | D:9      | Reached skill level 5 in Armour
 12239 | D:9      | Reached XP level 11. HP: 64/117 MP: 3/10
 12469 | D:10     | Entered Level 10 of the Dungeon
 12710 | D:10     | Noticed Erica
 12737 | D:10     | Killed Erica
 13490 | D:10     | Reached skill level 5 in Dodging
 13802 | D:10     | Found a staircase to the Lair.
 13816 | D:10     | Reached skill level 5 in Polearms
 13991 | Lair:1   | Entered Level 1 of the Lair of Beasts
 13998 | Lair:1   | Noticed an eight-headed hydra
 14006 | Lair:1   | Killed a nine-headed hydra
 15073 | Lair:2   | Got a faintly humming chain mail
 15090 | Lair:2   | Identified the cursed +0 chain mail "Teim" {Int+3 Dex+3} (You found it on level 2 of the Lair of Beasts)
 15289 | Lair:2   | Reached skill level 18 in Fighting
 15840 | Lair:2   | Noticed Gastronok
 15853 | Lair:2   | Killed Gastronok
 15853 | Lair:2   | Reached skill level 5 in Maces & Flails
 16304 | Lair:3   | Got a pearl-encrusted leather armour
 16637 | Lair:3   | Reached XP level 12. HP: 100/127 MP: 3/11
 17147 | Lair:4   | Noticed Nergalle
 17162 | Lair:4   | Killed Nergalle
 17481 | Lair:4   | Noticed Rupert
 17501 | Lair:4   | Killed Rupert
 18286 | Lair:4   | Noticed a death yak
 18291 | Lair:4   | Noticed a death yak
 18293 | Lair:4   | Noticed a death yak
 18297 | Lair:4   | Killed a death yak
 18560 | Lair:4   | Killed a death yak
 18565 | Lair:4   | Killed a death yak
 18760 | Lair:4   | Found a staircase to the Snake Pit.
 18947 | Lair:5   | Received a gift from Trog
 18969 | Lair:5   | Got a bloodstained spear {god gift}
 18972 | Lair:5   | Identified the +8 spear "Neevegay" {pierce, +Rage rPois Dex-4} (Trog gifted it to you on level 5 of the Lair of Beasts)
 19127 | Lair:5   | Reached skill level 10 in Armour
 19137 | Lair:5   | Reached ****** piety under Trog
 19139 | Lair:5   | Reached skill level 19 in Fighting
 19519 | Lair:5   | Found a runed door.
 19519 | Lair:5   | Found a viscous altar of Jiyva.
 19520 | Lair:5   | Found a staircase to the Slime Pits.
 19604 | Lair:5   | Reached XP level 13. HP: 118/137 MP: 12/12
 20488 | Lair:6   | Entered Level 6 of the Lair of Beasts
 21214 | Lair:6   | Reached skill level 10 in Dodging
 23666 | Lair:6   | Received a gift from Trog
 24821 | Lair:1   | Reached skill level 20 in Fighting
 25376 | D:11     | Reached XP level 14. HP: 148/148 MP: 4/13
 25576 | D:11     | Noticed OmG's ghost (journeyman DsEn)
 25604 | D:11     | Killed OmG's ghost
 27085 | D:11     | Found Byxomyrph's Book Boutique.
 28230 | D:13     | Received a gift from Trog
 28240 | D:13     | Got a pitted hunting sling {god gift}
 28241 | D:13     | Identified the +7 hunting sling of Circularity {velocity, *Drain rPois rN+ SInv} (Trog gifted it to you on level 13 of the Dungeon)
 29079 | D:13     | Found Lurem's Food Shoppe.
 29108 | D:13     | Bought a ration for 55 gold pieces
 29108 | D:13     | Bought a ration for 55 gold pieces
 29108 | D:13     | Bought a ration for 55 gold pieces
 29108 | D:13     | Bought a ration for 55 gold pieces
 29108 | D:13     | Bought a ration for 55 gold pieces
 29108 | D:13     | Bought a ration for 55 gold pieces
 29108 | D:13     | Bought a ration for 55 gold pieces
 29142 | D:13     | Found a gate to the Vaults.
 32864 | D:15     | Entered Level 15 of the Dungeon
 32879 | D:15     | Received a gift from Trog
 34372 | D:13     | Bought a ration for 55 gold pieces
 34372 | D:13     | Bought a ration for 55 gold pieces
 34372 | D:13     | Bought a ration for 55 gold pieces
 35066 | D:12     | Found a staircase to the Orcish Mines.
 35076 | D:12     | Noticed Frances
 35129 | D:13     | Killed Frances
 35424 | Orc:1    | Entered Level 1 of the Orcish Mines
 35489 | Orc:1    | Found Rulaschuwu's Antique Weapon Boutique.
 35716 | Orc:2    | Entered Level 2 of the Orcish Mines
 35750 | Orc:2    | Found Daserr's Magic Scroll Emporium.
 35762 | Orc:2    | Bought a scroll of enchant armour for 105 gold pieces
 35762 | Orc:2    | Bought a scroll of identify for 28 gold pieces
 35805 | Orc:1    | Noticed Maurice
 35806 | Orc:1    | Noticed NihilVerum's ghost (journeyman DrNe)
 35816 | Orc:1    | Killed Maurice
 35816 | Orc:1    | Reached XP level 15. HP: 62/157 MP: 4/14
 35942 | Orc:1    | Killed NihilVerum's ghost
 36410 | Orc:1    | Found an iron altar of Okawaru.
 37270 | Orc:2    | Reached skill level 21 in Fighting
 37423 | Orc:2    | Received a gift from Trog
 37580 | Orc:2    | Found Oblor's Distillery.
 37626 | Orc:2    | Found a radiant altar of Vehumet.
 37635 | Orc:2    | Paralysed by an orc sorcerer for 5 turns
 37792 | Orc:2    | Found an ancient bone altar of Kikubaaqudgha.
 38010 | Orc:2    | Found Fagacs's Book Shop.
 38027 | Orc:2    | Found a roughly hewn altar of Beogh.
 38031 | Orc:2    | Found Zysynnic's Antique Weapon Shop.
 38049 | Orc:2    | Found Jucsu's Book Boutique.
 38236 | Orc:2    | Reached skill level 10 in Maces & Flails
 38391 | Orc:2    | Received a gift from Trog
 38484 | Orc:2    | Found a staircase to the Elven Halls.
 40789 | D:15     | Found a staircase to the Depths.
 41262 | Snake:1  | Entered Level 1 of the Snake Pit
 41477 | Lair:3   | Found a staircase to the Shoals.
 41506 | Shoals:1 | Entered Level 1 of the Shoals
 41530 | Shoals:1 | Drowned by a water nymph

Skill      XL: |  1  2  3  4  5  6  7  8  9 10 11 12 13 14 15 |
---------------+----------------------------------------------+-----
Fighting       | 4 5 6 8 9 12 13 16 17 18 19 20 21 | 21.3
Polearms       | 4 5 |  5.9
Armour         | 5 7 10 12 14 | 14.8
Dodging        | 4 7 9 11 13 | 13.7
Maces & Flails | 5 8 9 10 | 10.6

Action                   |  1- 3 |  4- 6 |  7- 9 | 10-12 | 13-15 || total
-------------------------+-------+-------+-------+-------+-------++-------
Melee: Mace              |    92 |    97 |     3 |       |       ||   192
       Headbutt          |    12 |    24 |    44 |    84 |   178 ||   342
       Halberd           |       |    19 |   226 |    58 |       ||   303
       Spear             |       |     4 |       |    54 |    19 ||    77
       Executioner's axe |       |       |       |   263 |   783 ||  1046
 Fire: Hunting sling     |       |       |       |       |     3 ||     3
Throw: Stone             |       |       |       |       |     9 ||     9
Invok: Berserk           |       |     4 |     4 |    18 |    22 ||    48
       Burn Spellbooks   |       |       |     2 |     1 |     5 ||     8
Evoke: Wand              |       |       |       |     6 |    16 ||    22
  Use: Scroll            |       |       |     8 |    10 |    23 ||    41
       Potion            |       |       |       |     1 |     1 ||     2
  Eat: Chunk             |     2 |     5 |     6 |    16 |    16 ||    45
       Ration            |       |     2 |     7 |    10 |    22 ||    41
Armor: Ring mail         |    47 |    50 |    88 |    83 |       ||   268
       Chain mail        |       |       |       |    47 |       ||    47
       Plate armour      |       |       |       |    41 |   758 ||   799
Dodge: Dodged            |    84 |   112 |   187 |   322 |   829 ||  1534
